Map: Eternal Empire LE

Players

Stats - Winner!

  • Race: Protoss Protoss
  • League: Grandmaster
  • Spawn Location: 7:00

AfreecaDRG (DRG)

  • Race: Zerg Zerg
  • League: Master
  • Spawn Location: 1:00

Event: DreamHack SC2 Masters 2020 Fall

VOD

Have the link to the VOD?

Description

Time

  • Played on: Sept. 16, 2020, 1:29 p.m.
  • Length: 8:06

All games in this series

Show
View Real Time Build Order
Export as new Build Order

Stats Protoss - Winner!

Build Orders: 1 Gate Expand, Oracle Opening, Zealot Archon 

Get SALT Encoding   

  12  0:00  Probe  
  13  0:14  Pylon  
  13  0:17  Probe (Chrono Boost)  
  14  0:26  Probe (Chrono Boost)  
  15  0:31  Probe  
  16  0:41  Gateway  
  16  0:44  Probe  
  16  0:48  Assimilator  
  17  0:56  Probe  
  18  1:08  Probe  
  19  1:20  Probe  
  20  1:27  Nexus  
  20  1:35  Cybernetics Core  
  20  1:38  Probe  
  21  1:45  Assimilator  
  21  1:50  Probe  
  22  1:55  Pylon  
  22  2:02  Probe  
  23  2:11  Adept (Chrono Boost)  
  23  2:12  Warp Gate  
  23  2:14  Probe  
  26  2:26  Probe  
  26  2:29  Stargate  
  27  2:31  Adept (Chrono Boost)  
  29  2:39  Probe (Chrono Boost)  
  31  2:46  Probe (Chrono Boost)  
  31  2:48  Probe (Chrono Boost)  
  32  2:53  Probe (Chrono Boost)  
  32  2:54  Stalker  
  32  2:56  Probe  
  36  3:04  Probe  
  37  3:09  Oracle (Chrono Boost)  
  37  3:10  Probe  
  37  3:11  Pylon  
  41  3:22  Probe x2  
  43  3:36  Gateway  
  43  3:37  Oracle (Chrono Boost), Probe x2  
  43  3:39  Pylon  
  48  3:47  Assimilator  
  48  3:49  Probe x2  
  50  4:01  Probe x2  
  52  4:04  Assimilator  
  52  4:05  Adept, Pylon  
  54  4:13  Probe x2  
  56  4:18  Pylon  
  56  4:25  Probe x2  
  58  4:34  Nexus  
  58  4:36  Sentry x2, Pylon  
  58  4:37  Probe x2  
  64  4:47  Robotics Facility  
  64  4:51  Forge, Twilight Council  
  64  4:55  Probe x2  
  64  4:58  Shield Battery  
  66  5:08  Probe  
  66  5:09  Probe  
  66  5:13  Protoss Ground Weapons Level 1 (Chrono Boost)  
  68  5:15  Gateway x2  
  68  5:21  Probe x2  
  70  5:23  Charge  
  70  5:30  Templar Archives  
  70  5:33  Zealot x2  
  74  5:39  Probe x2 (Chrono Boost)  
  74  5:42  Observer  
  77  5:46  Probe (Chrono Boost)  
  77  5:48  Assimilator  
  80  5:51  Probe x2 (Chrono Boost)  
  80  5:53  Assimilator  
  80  5:55  Probe (Chrono Boost)  
  81  5:57  Probe x2 (Chrono Boost)  
  81  6:00  Warp Prism (Chrono Boost)  
  81  6:03  Pylon, Probe  
  82  6:05  Probe x2  
  85  6:13  High Templar x2  
  85  6:14  Zealot x2  
  85  6:18  Archon  
  93  6:21  Gateway  
  93  6:22  Gateway  
  93  6:23  Gateway  
  93  6:24  Gateway, Probe  
  93  6:25  Probe  
  95  6:26  Probe  
  96  6:33  Photon Cannon  
  96  6:37  High Templar x2  
  100  6:40  Pylon  
  100  6:41  Archon  
  100  6:42  Pylon  
  100  6:44  Pylon  
  100  6:45  Pylon  
  100  6:46  Zealot  
  100  6:47  Zealot  
  104  6:55  Immortal  
  106  7:09  High Templar x2  
  106  7:10  High Templar x2  
  106  7:13  Archon  
  106  7:14  Archon  
  114  7:17  Zealot x4  
  114  7:22  Probe x3  
Show
View Real Time Build Order
Export as new Build Order

AfreecaDRG Zerg 

Build Orders: Hatch First 

Get SALT Encoding   

  12  0:00  Drone  
  13  0:11  Overlord  
  13  0:16  Drone  
  14  0:30  Drone  
  15  0:44  Hatchery  
  15  0:48  Drone  
  15  0:52  Drone  
  15  0:56  Drone  
  17  1:00  Drone  
  18  1:11  Extractor  
  18  1:16  Spawning Pool  
  16  1:20  Drone  
  16  1:24  Drone  
  18  1:32  Drone  
  19  1:43  Drone  
  20  1:53  Overlord  
  20  1:57  Drone  
  21  2:03  Queen x2  
  21  2:04  Zergling x2  
  26  2:09  Zergling x2  
  27  2:16  Drone  
  27  2:18  Drone  
  29  2:25  Metabolic Boost  
  29  2:27  Drone  
  29  2:29  Drone  
  31  2:43  Hatchery  
  30  2:49  Queen  
  32  2:54  Overlord  
  32  2:57  Drone  
  32  2:58  Drone  
  34  3:00  Drone  
  34  3:03  Zergling x2  
  36  3:13  Zergling x2  
  36  3:14  Drone x4  
  36  3:16  Drone  
  42  3:25  Queen  
  44  3:28  Overlord  
  44  3:32  Overlord  
  43  3:39  Spore Crawler  
  42  3:41  Drone  
  42  3:43  Overlord  
  42  3:46  Overlord  
  42  3:47  Drone x2  
  45  3:48  Drone  
  45  3:51  Drone  
  47  3:55  Drone  
  47  3:56  Drone  
  47  3:59  Evolution Chamber  
  47  4:00  Queen  
  50  4:05  Drone x2  
  50  4:09  Drone  
  53  4:13  Drone x2  
  55  4:17  Zergling x4, Spore Crawler  
  55  4:20  Zergling x4  
  58  4:24  Drone x3  
  58  4:28  Drone  
  58  4:30  Zerg Melee Weapons Level 1  
  62  4:32  Drone  
  63  4:39  Drone x2  
  63  4:42  Drone x4  
  63  4:44  Spore Crawler  
  68  4:49  Overlord  
  68  4:51  Drone  
  69  4:53  Drone  
  69  4:54  Queen  
  72  5:00  Drone  
  72  5:03  Drone  
  72  5:04  Overlord  
  74  5:08  Drone x3  
  74  5:09  Lair  
  74  5:12  Baneling Nest  
  74  5:13  Extractor x2  
  74  5:15  Drone x5  
  74  5:16  Drone  
  74  5:19  Drone x2  
  82  5:25  Drone x3  
  84  5:30  Hatchery  
  83  5:38  Drone  
  83  5:40  Extractor  
  83  5:41  Extractor  
  82  5:44  Overlord  
  82  5:45  Drone x2  
  82  5:47  Drone  
  82  5:48  Drone, Evolution Chamber, Hatchery  
  84  5:57  Drone x4  
  86  6:06  Drone x7  
  86  6:08  Centrifical Hooks  
  86  6:10  Drone x2  
  95  6:13  Overlord  
  95  6:15  Drone x2  
  95  6:17  Pneumatized Carapace  
  96  6:22  Overlord  
  96  6:25  Zergling x2  
  96  6:27  Overlord  
  97  6:35  Zergling x8  
  97  6:36  Unknown  
  97  6:38  Hatchery  
  99  6:42  Zergling x2  
  99  6:43  Zergling x12  
  99  6:45  Baneling x2  
  99  6:46  Zergling x4  
  108  6:51  Zergling x8  
  112  6:55  Zergling x6  
  112  6:59  Spine Crawler, Baneling x8  
  112  7:01  Spine Crawler  
  113  7:02  Zergling x4  
  113  7:07  Zergling x6  
  115  7:11  Zergling x10  
  116  7:19  Zergling x2  
  116  7:20  Zergling x12  
  109  7:24  Zergling x8  
  109  7:25  Baneling x6  
  105  7:31  Zergling x4  
  105  7:35  Zergling x6  

Tags
 
Add a new tag
Caveats
  • Supply blocks, unpowered buildings, or Contaminate may cause inaccurate times.
  • Supply counts are checked every 10 seconds.